AoeStats
← bersandomusica

Black Forest

506676728Analyzed
4v4 RM · 19d ago on Sep 14, 2026· 35m 35s· 8 players
Game mode
Random Map
Map size
Large (8 player)
Population
200
Speed
Normal
Resources
Standard
Victory
Conquest
Starting age
Dark Age
Ending age
Imperial Age
RankedLock teamsTeams togetherTeam positionsShared explorationLock speedFull tech treeHidden civsTurbo modeCheats
Victory
Defeat
🇳🇱 Celts · Netherlands
1160
+12
🇳🇱 Khmer · Netherlands
1131
+14
🇳🇱 Lithuanians · Netherlands
1128
+14
🇳🇱 Huns · Netherlands
1032
+17
🇹🇼 Bohemians · Taiwan
1102
-15
🇦🇺 Goths · Australia
1080
-15
🇹🇼 Britons · Taiwan
1070
-14
🇪🇸 Persians · Spain
1055
-13
Zad
0:35 Loom
bersandomusica
0:31 Loom
11:16 Feudal Age
12:19 Double-Bit Axe
13:26 Horse Collar
17:56 Castle Age
17:41 Bloodlines
17:41 Scale Barding Armor
18:34 Forging
20:38 Husbandry
23:12 Heavy Plow
34:46 Wheelbarrow
34:05 Gold Mining
33:47 Pikeman
34:28 Squires
34:14 Gambesons
34:15 Arson
34:30 Murder Holes
34:56 Ballistics
36:27 Iron Casting
Monkidz
0:45 Loom
14:56 Feudal Age
19:47 Castle Age
18:26 Double-Bit Axe
19:11 Arson
18:49 Man-at-Arms
19:49 Forging
22:44 Squires
23:59 Long Swordsman
27:50 Town Watch
30:47 Pikeman
kukucdenss
11:38 Feudal Age
12:20 Loom
14:56 Double-Bit Axe
17:36 Castle Age
19:37 Wheelbarrow
19:16 Bow Saw
21:44 Horse Collar
23:10 Hand Cart
23:23 Heavy Plow
33:03 Imperial Age
30:20 Town Watch
30:35 Gold Mining
30:38 Stone Mining
31:28 Fletching
32:18 Bodkin Arrow
33:46 Gold Shaft Mining
33:16 Padded Archer Armor
DIEHARD
10:37 Feudal Age
13:22 Castle Age
15:54 Loom
16:13 Horse Collar
17:03 Double-Bit Axe
22:29 Bow Saw
24:20 Heavy Plow
24:13 Stone Mining
24:14 Gold Mining
26:24 Wheelbarrow
25:34 Town Watch
27:07 Town Patrol
29:21 Scale Barding Armor
29:28 Forging
32:17 Imperial Age
30:10 Hand Cart
30:35 Stone Shaft Mining
30:56 Bloodlines
30:47 Husbandry
30:08 Light Cavalry
31:21 Chain Barding Armor
31:37 Iron Casting
32:48 Padded Archer Armor
32:38 Fletching
33:17 Double Crossbow
33:36 Elite Ballista Elephant
35:25 Leather Archer Armor
35:55 Bodkin Arrow
RealLuckyluck
10:49 Feudal Age
9:56 Loom
18:04 Castle Age
16:07 Double-Bit Axe
16:34 Horse Collar
31:55 Wheelbarrow
33:19 Heavy Plow
34:38 Padded Archer Armor
34:28 Fletching
36:19 Hand Cart
snereib
10:27 Feudal Age
14:26 Castle Age
12:34 Horse Collar
13:08 Double-Bit Axe
15:52 Bow Saw
19:25 Wheelbarrow
19:39 Bow Saw
22:22 Heavy Plow
29:17 Scale Barding Armor
29:23 Forging
32:13 Imperial Age
29:53 Stone Mining
29:57 Gold Mining
31:30 Chain Barding Armor
31:47 Iron Casting
32:20 Elite Leitis
34:48 Plate Barding Armor
35:08 Conscription
Classic.
0:26 Loom
11:17 Feudal Age
15:10 Castle Age
13:32 Double-Bit Axe
14:38 Horse Collar
16:40 Bow Saw
17:20 Heavy Plow
24:19 Gold Mining
25:21 Wheelbarrow
26:19 Forging
26:09 Scale Mail Armor
26:43 Hand Cart
30:07 Imperial Age
29:45 Chain Mail Armor
33:53 Conscription
35:21 Plate Mail Armor
35:26 Iron Casting
Connection lost

Rejoining the realm…

Still unreachable

The connection could not be restored.

Session expired

The server has moved on; the page needs a fresh start.